Map: 10000 Feet LE

Players

DmitryK - Winner!

  • Race: Terran Terran
  • League: Master
  • Spawn Location: 5:00

SleepMan

  • Race: Zerg Zerg
  • League: Platinum
  • Spawn Location: 11:00

VOD

Have the link to the VOD?

Description

Time

  • Played on: Dec. 19, 2025, 6:40 p.m.
  • Length: 18:10
Show
View Real Time Build Order
Export as new Build Order

DmitryK Terran - Winner!

Build Orders: Hellion Banshee, Mech 

Get SALT Encoding   

  12  0:00  SCV  
  13  0:12  SCV  
  14  0:17  Supply Depot  
  14  0:24  SCV  
  15  0:39  SCV  
  16  0:44  Refinery  
  16  0:47  Barracks  
  16  0:51  SCV  
  17  1:03  SCV  
  18  1:15  SCV  
  19  1:27  SCV  
  20  1:34  Reaper  
  21  1:40  Command Center  
  21  1:41  SCV  
  22  1:53  SCV  
  23  2:05  Factory  
  23  2:18  Supply Depot  
  23  2:30  Barracks Reactor  
  23  2:39  SCV  
  24  2:48  Refinery  
  24  2:50  Hellion  
  26  2:51  SCV  
  27  3:01  Starport  
  27  3:04  SCV  
  28  3:16  SCV  
  28  3:18  Barracks Tech Lab  
  28  3:19  SCV  
  30  3:21  Hellion x2  
  34  3:28  SCV  
  34  3:31  SCV  
  36  3:40  Supply Depot, SCV  
  37  3:42  Hellion  
  37  3:43  SCV  
  37  3:46  Viking  
  42  3:49  Hellion  
  42  3:52  SCV  
  45  3:55  SCV  
  45  4:02  Supply Depot  
  46  4:04  Hellion, SCV  
  46  4:08  SCV  
  50  4:10  Hellion  
  50  4:16  SCV  
  53  4:20  SCV  
  53  4:23  Banshee  
  57  4:25  Supply Depot  
  57  4:27  Hellion  
  57  4:28  SCV  
  60  4:32  SCV  
  61  4:40  SCV  
  62  4:47  Hellion, SCV  
  62  4:48  Supply Depot  
  62  4:49  Hellion  
  67  4:52  SCV  
  67  4:59  SCV  
  69  5:05  SCV  
  69  5:06  Command Center  
  70  5:09  Banshee  
  70  5:10  Hellion x2  
  70  5:11  SCV  
  78  5:17  Factory  
  78  5:24  Factory  
  78  5:32  Refinery  
  78  5:33  Refinery  
  78  5:42  Supply Depot  
  78  5:44  Supply Depot  
  78  5:50  Armory  
  78  5:53  Armory  
  78  6:02  Factory Tech Lab  
  78  6:03  SCV x2  
  78  6:04  Hellion  
  82  6:08  Factory  
  82  6:12  Factory  
  82  6:16  SCV x2  
  84  6:19  Factory Tech Lab  
  84  6:24  Siege Tank  
  87  6:26  Banshee  
  87  6:28  SCV x2  
  87  6:32  Supply Depot  
  92  6:38  Terran Vehicle And Ship Armor Level 1  
  92  6:40  SCV x2  
  92  6:42  Engineering Bay  
  96  6:47  Hellion  
  96  6:52  SCV x2  
  96  6:53  Factory Tech Lab  
  98  7:00  Refinery  
  98  7:01  Refinery  
  98  7:02  SCV  
  98  7:04  SCV x2  
  98  7:07  Hellion  
  103  7:09  Siege Tank, Banshee  
  103  7:14  SCV  
  110  7:16  SCV x2  
  112  7:26  SCV  
  112  7:28  SCV x2  
  115  7:35  Hellion  
  117  7:40  Supply Depot  
  117  7:49  Supply Depot  
  117  7:56  Planetary Fortress  
  117  8:01  Siege Tank  
  117  8:02  Supply Depot, Hellion x2  
  124  8:05  Command Center  
  124  8:08  Starport  
  124  8:10  Banshee  
  124  8:11  Siege Tank, Hellion  
  124  8:12  Supply Depot  
  132  8:14  Orbital Command  
  132  8:18  SCV  
  133  8:24  Siege Tank  
  136  8:30  SCV  
  136  8:33  Siege Tank  
  136  8:34  Supply Depot  
  140  8:36  Terran Vehicle Weapons Level 1, Terran Vehicle And Ship Armor Level 2  
  140  8:38  Factory Tech Lab  
  140  8:41  SCV  
  141  8:43  Siege Tank  
  141  8:44  Starport Tech Lab  
  141  8:47  Starport Reactor  
  144  8:53  Viking  
  144  8:55  Supply Depot  
  146  8:59  Siege Tank, Missile Turret  
  146  9:02  Missile Turret  
  149  9:11  Siege Tank  
  152  9:23  Viking  
  119  9:33  Hellion  
  119  9:34  Hellion x4  
  125  9:44  Hellion  
  127  9:55  Hellion x5  
  134  10:03  Viking  
  134  10:05  Siege Tank  
  139  10:07  Viking x2  
  117  10:29  Starport  
  112  10:37  Viking x2  
  112  10:38  Thor  
  112  10:39  Thor  
  112  10:41  Viking x2  
  129  10:48  Missile Turret  
  129  10:55  Terran Vehicle Weapons Level 2  
  129  10:57  Thor  
  129  11:00  SCV x2  
  129  11:02  Siege Tank  
  138  11:07  Missile Turret, Viking x2  
  138  11:11  Viking  
  132  11:17  Viking  
  132  11:18  Viking  
  121  11:37  Viking x2  
  125  11:40  Missile Turret  
  125  11:45  Missile Turret  
  125  11:50  Viking x2  
  125  11:53  Hellion x2  
  133  11:54  Refinery  
  133  12:09  Viking  
  133  12:10  Viking x2  
  139  12:20  Refinery, Viking  
  141  12:31  Siege Tank x2  
  131  12:50  Siege Tank  
  117  13:08  Viking x2  
  117  13:09  Viking  
  116  13:15  Siege Tank  
  116  13:16  Hellion x2  
  123  13:35  Starport Tech Lab  
  114  13:49  Hellion x2  
  114  13:50  Hellion  
  122  13:57  Banshee  
  120  14:17  Viking x3  
  115  14:39  Banshee  
  104  15:13  Fusion Core  
  104  15:20  Siege Tank x4  
  116  15:22  Banshee  
  119  15:52  Hellion x2  
  119  15:53  Cloaking Field, Hellion x2  
  127  15:59  Planetary Fortress  
  125  16:05  Banshee  
  122  16:13  Hellion  
  122  16:14  Hellion x3  
  130  16:19  SCV x2  
  130  16:22  Refinery  
  132  16:32  Supply Depot  
  132  16:34  Siege Tank  
  132  16:35  Siege Tank x2  
  141  16:41  Siege Tank  
  144  16:48  Banshee  
  90  17:14  Hellion  
  90  17:15  Hellion  
  94  17:35  Viking x3  
  94  17:36  Hellion  
Show
View Real Time Build Order
Export as new Build Order

SleepMan Zerg 

Build Orders: Hatch First 

Get SALT Encoding   

  12  0:00  Drone  
  13  0:12  Overlord  
  13  0:19  Drone  
  14  0:23  Drone, Extractor  
  15  0:45  Hatchery  
  15  0:47  Drone  
  15  0:51  Drone  
  16  0:59  Drone  
  16  1:02  Drone  
  18  1:13  Spawning Pool  
  17  1:18  Extractor  
  17  1:19  Drone  
  17  1:22  Drone  
  18  1:31  Drone  
  19  1:42  Overlord  
  19  1:55  Drone  
  19  1:58  Drone  
  19  2:01  Queen x2  
  21  2:04  Zergling x2  
  26  2:09  Zergling x2  
  27  2:17  Drone  
  27  2:20  Metabolic Boost  
  28  2:35  Drone x4  
  32  2:45  Drone  
  33  2:51  Drone x2  
  33  2:56  Hatchery  
  34  3:02  Overlord  
  34  3:14  Drone x2  
  34  3:19  Queen  
  38  3:28  Drone x5  
  43  3:41  Extractor  
  43  3:43  Zergling x4  
  44  3:48  Lair  
  44  3:52  Overlord, Baneling Nest  
  43  3:59  Roach Warren  
  43  4:00  Queen  
  44  4:03  Evolution Chamber  
  43  4:12  Extractor  
  43  4:16  Spine Crawler  
  41  4:24  Overlord x2  
  41  4:30  Drone x4  
  41  4:31  Drone  
  46  4:32  Hatchery  
  46  4:35  Drone x3  
  46  4:37  Drone  
  49  4:51  Queen  
  51  5:04  Drone x5  
  51  5:06  Hatchery  
  55  5:09  Drone x2  
  55  5:12  Drone  
  58  5:14  Drone x3  
  58  5:18  Drone  
  58  5:19  Extractor  
  61  5:24  Infestation Pit, Centrifugal Hooks  
  60  5:32  Spine Crawler  
  59  5:42  Drone x7  
  66  5:51  Zerg Ground Armor Level 1  
  66  5:55  Drone  
  67  5:57  Evolution Chamber  
  67  5:59  Drone x3  
  67  6:02  Zergling x4  
  67  6:04  Baneling x5  
  71  6:05  Baneling x2  
  71  6:08  Spine Crawler, Drone  
  71  6:09  Drone x4  
  75  6:22  Drone x3  
  78  6:26  Extractor  
  78  6:29  Drone x3, Extractor  
  78  6:31  Drone x2  
  81  6:35  Drone  
  81  6:36  Drone  
  81  6:37  Drone x2  
  85  6:40  Overlord x4  
  85  6:43  Hive  
  85  6:49  Baneling x5  
  85  7:04  Spire  
  84  7:08  Hatchery  
  84  7:09  Extractor  
  84  7:10  Drone  
  84  7:11  Drone x12  
  84  7:13  Overlord  
  84  7:14  Overlord  
  95  7:28  Drone x3  
  98  7:31  Extractor  
  97  7:47  Zergling x4  
  97  7:48  Zergling x8  
  97  7:50  Zergling x10  
  97  7:51  Zergling x8  
  112  8:08  Hatchery  
  112  8:10  Drone  
  112  8:11  Extractor  
  111  8:16  Extractor  
  110  8:37  Zerg Ground Armor Level 2, Ultralisk Cavern  
  110  8:38  Zerg Melee Weapons Level 1  
  109  8:48  Spine Crawler  
  109  8:49  Spine Crawler  
  109  8:50  Spore Crawler  
  109  8:51  Drone x4  
  109  8:52  Zergling x2  
  109  8:53  Zergling x18  
  109  8:54  Overlord x7  
  109  8:55  Overlord x3  
  120  8:56  Overseer x2  
  120  9:16  Baneling x5  
  95  9:27  Roach x8  
  95  9:28  Roach x11  
  126  9:33  Zergling x2  
  126  9:34  Mutalisk x6  
  126  9:35  Mutalisk x6  
  151  9:39  Overseer x2  
  137  9:52  Mutalisk  
  137  9:53  Mutalisk x4  
  112  10:30  Mutalisk  
  112  10:31  Mutalisk x8  
  130  10:52  Hatchery, Extractor  
  130  10:54  Pneumatized Carapace, Extractor  
  123  11:19  Mutalisk  
  123  11:20  Mutalisk x3  
  123  11:34  Zergling x8  
  123  11:35  Zergling x40  
  123  11:36  Overseer  
  123  11:37  Overseer x2  
  147  11:40  Drone  
  147  11:41  Drone x2  
  147  11:43  Drone x3  
  153  11:52  Anabolic Synthesis  
  153  11:54  Zerg Flyer Weapons Level 1  
  153  11:57  Spire  
  114  12:16  Zergling x2  
  114  12:17  Zergling x18  
  114  12:18  Zergling x2  
  114  12:19  Zergling x16  
  133  12:24  Baneling x2  
  133  12:25  Baneling x4  
  128  12:34  Chitinous Plating, Zergling x2  
  128  12:36  Ultralisk x3  
  147  12:43  Baneling x6  
  147  12:44  Baneling  
  132  13:10  Ultralisk  
  100  13:35  Zergling x2  
  100  13:36  Zergling x32  
  100  13:37  Zergling x12  
  103  13:58  Hydralisk Den  
  95  14:06  Spore Crawler x2  
  93  14:10  Drone x3  
  93  14:11  Drone x3  
  93  14:12  Overlord x2  
  93  14:13  Queen x2  
  93  14:14  Queen x2  
  105  14:17  Baneling  
  105  14:18  Baneling x10  
  105  14:19  Baneling x3  
  105  14:27  Hydralisk  
  105  14:28  Hydralisk x8  
  110  14:44  Overlord x2  
  108  14:51  Ultralisk Cavern  
  97  15:19  Hydralisk Den  
  96  15:31  Baneling x3  
  96  15:32  Baneling x6  
  96  15:44  Drone x3  
  96  15:45  Drone x2  
  96  15:46  Drone  
  96  15:47  Drone x2  
  96  15:48  Drone x2  
  107  15:50  Drone x3  
  107  15:51  Hatchery  
  108  15:59  Hatchery  
  100  16:12  Zergling x2  
  100  16:13  Zergling x10  
  106  16:22  Hatchery  
  63  17:12  Ultralisk x3  
  63  17:15  Hydralisk x3  
  63  17:46  Zergling x18  
  63  17:47  Zergling x6  
Tags
 
Add a new tag
Caveats
  • Supply blocks, unpowered buildings, or Contaminate may cause inaccurate times.
  • Supply counts are checked every 10 seconds.